 Dungeon Crawl Stone Soup version 0.29.1-15-g9cfb28693d (webtiles) character file.

Game seed: 15939239688317480882

349 Ast3rio the Chopper (level 6, -2/55 HPs)
             Began as a Minotaur Berserker on Feb 27, 2023.
             Was a Believer of Trog.
             Slain by leetdood's ghost (4 damage)
             ... on level 3 of the Dungeon.
             The game lasted 00:06:29 (2521 turns).

Ast3rio the Chopper (Minotaur Berserker)            Turns: 2521, Time: 00:06:30

Health: -2/55      AC:  6    Str: 23    XL:     6   Next: 33%
Magic:  5/5        EV: 11    Int:  4    God:    Trog [**....]
Gold:   125        SH:  0    Dex: 10    Spells: 5/5 levels left

rFire   . . .      SeeInvis .   a - +0 hand axe
rCold   . . .      Faith    .   (no shield)
rNeg    . . .      Spirit   .   h - +0 ring mail
rPois   .          Reflect  .   (helmet restricted)
rElec   .          Harm     .   k - scarf {+Inv}
rCorr   .          Rampage  .   (no gloves)
Will    .....                   (no boots)
Stlth   ..........              (no amulet)
HPRegen 0.18/turn               (no ring)
MPRegen 0.09/turn               (no ring)

@: on berserk cooldown, slowed, very slow
A: horns 2, retaliatory headbutt
a: Renounce Religion, Evoke Invisibility, Berserk, Trog's Hand


You were on level 3 of the Dungeon.
You worshipped Trog.
Trog was pleased with you.
You visited 1 branch of the dungeon, and saw 3 of its levels.

You collected 125 gold pieces.

Inventory:

Hand Weapons
 a - a +0 hand axe (weapon)
 q - a +0 dagger of venom
 r - a +2 dagger of electrocution
Armour
 b - a +0 animal skin
 h - a +0 ring mail (worn)
 k - a scarf of invisibility (worn)
Jewellery
 s - a +4 ring of evasion
 t - an amulet of the acrobat
Scrolls
 c - a scroll of enchant weapon {unknown}
 e - a scroll of noise {unknown}
 f - 2 scrolls of brand weapon {unknown}
 i - a scroll of teleportation {unknown}
 j - 2 scrolls of butterflies {unknown}
 l - a scroll of magic mapping {unknown}
 p - 2 scrolls of identify {unknown}
 u - a scroll of amnesia {unknown}
 w - a scroll of enchant armour {unknown}
Potions
 d - a potion of magic {unknown}
 g - a potion of resistance {unknown}
 m - a potion of curing {unknown}
 n - 2 potions of mutation {unknown}
 o - a potion of lignification {unknown}
 v - a potion of haste {unknown}


   Skills:
 + Level 4.8 Fighting
 + Level 5.8 Axes
 + Level 5.2 Armour
 + Level 3.3 Dodging
 + Level 0.1 Stealth


You had 5 spell levels left.
You didn't know any spells.
Your spell library was empty.

Dungeon Overview and Level Annotations

Branches:
Dungeon (3/15)

Altars:

Annotations:
D:3 1 transporter, leetdood's ghost, amateur NaVM


Innate Abilities, Weirdness & Mutations

You have a pair of horns on your head.
You reflexively headbutt those who attack you in melee.


Message History

You feel very sick. Leetdood's ghost casts a spell at you.
The sting hits you but does no damage.
You are more poisoned.
You hit leetdood's ghost.
Leetdood's ghost is heavily damaged.
You feel very sick. Leetdood's ghost hits you.
* * * LOW HITPOINT WARNING * * *
Leetdood's ghost barely misses you.
You barely miss leetdood's ghost.
Leetdood's ghost is heavily damaged.
You feel sick. Leetdood's ghost closely misses you.
You hit leetdood's ghost.
Leetdood's ghost is heavily damaged.
You feel sick. Leetdood's ghost hits you.
* * * LOW HITPOINT WARNING * * *
Leetdood's ghost hits you but does no damage.
You closely miss leetdood's ghost. Your headbutt misses leetdood's ghost.
Leetdood's ghost is heavily damaged.
* * * LOW HITPOINT WARNING * * *
You feel sick.
Leetdood's ghost shouts, "There is no future for me!"
Leetdood's ghost hits you but does no damage.
You closely miss leetdood's ghost.
Leetdood's ghost is heavily damaged.
You feel sick.
Leetdood's ghost gestures at you while chanting.
The sting misses you. Leetdood's ghost casts a spell at you.
The sting misses you.
You closely miss leetdood's ghost. Your headbutt misses leetdood's ghost.
Leetdood's ghost is heavily damaged.
You feel sick.
You are no longer poisoned.
Leetdood's ghost barely misses you.
You hit leetdood's ghost.
Leetdood's ghost is heavily damaged.
Leetdood's ghost hits you.
You die...

...#.#.#.. .... .....#.####
#..# ###########..#.#.#.#
#..#..........©#...#.#.#.
#..#...........#..######.
#..#..###.###..#......##.
#..#..#8#.#8#..#†.....##.
###..#..........$#......##.
#...©#....@©....?#©.....##.
#####.#..#....W......#..+######
..../....#..#8#.#8#..#....###
#####)...#..###.###..#..#...#
#....#...........#..###.###
###..#.........[.#..# #...#
#:.#############..#####..
#.................#......
#.................#......


You could see leetdood's ghost.

Vanquished Creatures
  A hornet zombie (D:3)
  A water moccasin zombie (D:3)
  A wight (D:3)
  4 gnolls (D:3)
  5 adders
  A worm (D:2)
  2 dart slugs
  9 orcs (D:3)
  A bat (D:1)
  2 endoplasms
  A giant cockroach (D:1)
  2 goblins
  3 hobgoblins
  2 quokkas
  5 ball pythons
  2 frilled lizards
  4 kobolds
  9 rats
55 creatures vanquished.

Notes
Turn   | Place    | Note
-------+----------+-------------------------------------------
     0 | D:1      | Ast3rio the Minotaur Berserker began the quest for the Orb.
     0 | D:1      | Reached XP level 1. HP: 19/19 MP: 0/0
    66 | D:1      | Reached XP level 2. HP: 6/27 MP: 1/1
   147 | D:1      | Found a faded altar of an unknown god.
   908 | D:2      | Reached XP level 3. HP: 32/33 MP: 2/2
  1800 | D:3      | Reached XP level 4. HP: 24/41 MP: 3/3
  1802 | D:3      | Reached ** piety under Trog
  2103 | D:3      | Reached skill level 5 in Axes
  2449 | D:3      | Found a transporter.
  2452 | D:3      | Reached XP level 5. HP: 47/47 MP: 4/4
  2486 | D:3      | Found a transporter.
  2490 | D:3      | Noticed leetdood's ghost (amateur NaVM)
  2510 | D:3      | Reached skill level 5 in Armour
  2510 | D:3      | Reached XP level 6. HP: 29/53 MP: 5/5
  2519 | D:3      | HP: 2/55 [poisoned by leetdood's ghost (sting)]
  2521 | D:3      | Slain by leetdood's ghost

Illustrated notes

Levels and vault maps discovered:
D:1:      mrwooster_arrival_statue_2, layout_rooms,
          ebering_ecumenical_altar_mist, serial_park_tiny_1
D:2:      layout_basic
D:3:      layout_basic, gammafunk_ghost_mausoleum,
          nicolae_elevator_lobby_asterisk

Skill      XL: |  1  2  3  4  5 |
---------------+----------------+-----
Axes           | 4 5 |  5.8
Fighting       | 4 |  4.8
Armour         | 3 5 |  5.2
Dodging        | 3 |  3.3
Stealth        | |  0.1

Action                   |  1- 3 |  4- 6 || total
-------------------------+-------+-------++-------
Melee: Hand axe          |    79 |    54 ||   133
       Headbutt          |    10 |    10 ||    20
       Punch             |     1 |     1 ||     2
Invok: Berserk           |       |     2 ||     2
Armor: Animal skin       |     1 |       ||     1
       Ring mail         |    13 |    21 ||    34
Dodge: Dodged            |    56 |    34 ||    90
